cohdb
Replays
Latest Replays
All Replays
Popular Replays
Top Player Replays
Match Explorer
How It Works
Community
CoH3 Stats
Reddit
Sign in to upload your games and track your stats! →
Sign in with Steam
Match 35535332
Unlisted
Match 35535332
Overview
Messages
Build Orders
End
Construct Infanterie Kompanie
Grenadier Squad
Grenadier Squad
Grenadier Squad
Grenadier Squad
Infanterie Officer Quarters
Construct Panzergrenadier Kompanie
Grenadier Squad
Grenadier Squad
mr.t-87
𓃷 Bab00n: surrender is gay
matrix4x4
nowplus
Soud
SKY~骐
0
0
Comments
sign in to comment!
No comments posted yet!